cohdb
Replays
Latest Replays
All Replays
Popular Replays
Top Player Replays
Match Explorer
How It Works
Community
CoH3 Stats
Reddit
Sign in to upload your games and track your stats! →
Sign in with Steam
Match 42637752
Unlisted
Match 42637752
Overview
Messages
Build Orders
End
Construct Infanterie Kompanie
Selects Mechanized Battlegroup
Grenadier Squad
Grenadier Squad
GrW 34 Mortar Team
Grenadier Squad
Construct Panzergrenadier Kompanie
Infanterie Officer Quarters
Panzergrenadier Squad
251 Medium Carrier
Selects Raid Package
Support Elements
飞云岩射蟹
Link626
ratharano
[OR] kfc
Kusa
1Div MED
Exf
Gravey
0
0
Comments
sign in to comment!
No comments posted yet!